cohdb
Replays
Latest Replays
All Replays
Popular Replays
Top Player Replays
Match Explorer
How It Works
Community
CoH3 Stats
Reddit
Sign in to upload your games and track your stats! →
Sign in with Steam
Match 45917112
Unlisted
Match 45917112
Overview
Messages
Build Orders
End
Construct Infanterie Kompanie
Kettenkrad Recon Vehicle
Grenadier Squad
MG 42 Machine Gun Team
Grenadier Squad
Grenadier Squad
Infanterie Officer Quarters
Construct Panzergrenadier Kompanie
Pak 40 Anti-tank Gun Team
Grenadier Squad
Medical Bunker
Construct Panzer Kompanie
Selects Mechanized Battlegroup
Selects Mechanized Battlegroup
Selects Raid Package
Selects StuG Assault Group
StuG Assault Group
Construct Panzer Kompanie
Construct Panzer Kompanie
Panzer IV Medium Tank
Selects UNKNOWN (2160084)
Panther Heavy Tank
Pioneer Squad
Pioneer Squad
Pioneer Squad
Pioneer Squad
MG 42 Bunker
Panther Heavy Tank
Kanade
United
TestingWarHead
pensss
0
0
Comments
sign in to comment!
No comments posted yet!